 Dungeon Crawl Stone Soup version 0.17-a0-1575-g9a29ec8 (webtiles) character file.

12088 Conn321 the Ogre Mage (level 11, -4/115 HPs)
             Began as an Ogre Wizard on July 26, 2015.
             Was a Priest of Sif Muna.
             Slain by a red devil
             ... wielding a +0 trident
             ... summoned by an orc sorcerer
              (7 damage)
             ... on level 3 of the Orcish Mines.
             The game lasted 02:21:52 (17595 turns).

Conn321 the Ogre Mage (Ogre Wizard)                Turns: 17595, Time: 02:21:52

Health: -4/115     AC:  8    Str: 15    XL:     11   Next: 87%
Magic:  16/34      EV: 12    Int: 19    God:    Sif Muna [***...]
Gold:   204        SH:  0    Dex:  8    Spells: 9 memorised, 9 levels left

rFire  . . .     SeeInvis .     t - +9 Staff of Wucad Mu {channel}
rCold  + + .     Clarity  .     a - +2 robe {rC+}
rNeg   . . .     SustAt   .     (no shield)
rPois  .         Gourm    .     b - +0 hat
rElec  .         Spirit   .     q - +2 cloak
rCorr  .         Warding  .     (gloves unavailable)
rMut   .         Stasis   .     (boots unavailable)
MR     +....                    (no amulet)
Stlth  +.........               Y - ring of protection from cold
                                e - ring of magical power

@: confused, very slightly contaminated, hasted, drained, very quick, somewhat
resistant to hostile enchantments, very unstealthy
A: unfitting armour, robust 1, tough skin 1
a: Channel Energy, Forget Spell, Renounce Religion


You were on level 3 of the Orcish Mines.
You worshipped Sif Muna.
Sif Muna was most pleased with you.
You were not hungry.

You visited 3 branches of the dungeon, and saw 14 of its levels.
You also visited: Bailey.

You collected 1260 gold pieces.
You spent 1056 gold pieces at shops.

Inventory:

Hand weapons
 t - the +9 Staff of Wucad Mu (weapon) {channel}
   (You found it on level 4 of the Dungeon)
 x - a +0 hunting sling
 A - a +0 longbow
 G - a +0 giant club
 I - a +1 shortbow of flaming
Missiles
 i - 60 sling bullets
 j - 53 bolts
 k - 21 tomahawks
 m - 259 stones
 o - 285 arrows
 u - 5 tomahawks of returning
 C - 12 poisoned arrows
 N - 31 arrows of frost
 T - 3 poisoned tomahawks (quivered)
 W - 8 arrows of flame
Armour
 a - a +2 robe of cold resistance (worn)
 b - a +0 hat (worn)
 n - the +0 shield of Heutam {+Inv Str+2}
   (You took it off a goblin on level 5 of the Dungeon)

   It affects your strength (+2).
   It lets you turn invisible.
 q - a +2 cloak (worn)
 R - a troll hide
Jewellery
 e - a ring of magical power (left hand)
 O - an uncursed ring of flight
 Y - a ring of protection from cold (right hand)
Magical devices
 l - a wand of invisibility (0)
 s - a wand of fireball (0)
 B - a wand of frost (0)
 D - a wand of disintegration (0)
 F - a wand of hasting (1)
 K - a wand of polymorph (4)
 L - a wand of lightning (0)
 S - a wand of confusion (0)
 U - a wand of paralysis (0)
Scrolls
 p - 4 scrolls of amnesia
 E - 2 scrolls of teleportation
 H - a scroll of fog
 J - 4 scrolls of identify
 X - 3 scrolls of enchant weapon
 Z - a scroll of remove curse
Books
 c - a book of Minor Magic

   Spells                             Type                      Level
   a - Magic Dart                     Conjuration                  1
   b - Blink                          Translocation                2
   c - Call Imp                       Summoning                    2
   d - Repel Missiles                 Charms/Air                   2
   e - Slow                           Hexes                        2
   f - Conjure Flame                  Conjuration/Fire             3
   g - Mephitic Cloud                 Conjuration/Poison/Air       3
 r - a book of Callings

   Spells                             Type                      Level
   a - Summon Small Mammal            Summoning                    1
   b - Call Imp                       Summoning                    2
   c - Call Canine Familiar           Summoning                    3
   d - Summon Guardian Golem          Hexes/Summoning              3
   e - Summon Lightning Spire         Summoning/Air                4
   f - Summon Ice Beast               Ice/Summoning                4
 y - a book of Changes

   Spells                             Type                      Level
   a - Beastly Appendage              Transmutation                1
   b - Sticks to Snakes               Transmutation                2
   c - Spider Form                    Transmutation/Poison         3
   d - Ice Form                       Ice/Transmutation            4
   e - Blade Hands                    Transmutation                5
Miscellaneous
 f - a plain deck of summoning {drawn: 9}
 V - an ornate deck of summoning
Comestibles
 d - 10 bread rations
 h - 13 beef jerkies
 w - 3 fruits
 Q - 3 meat rations


   Skills:
 + Level 5.7(5.2) Fighting
 + Level 1.0(3.1) Maces & Flails
 * Level 3.8(3.3) Staves
 + Level 8.9(8.3) Dodging
 + Level 5.4(4.8) Stealth
 + Level 0.1(0.0) Unarmed Combat
 + Level 10.0(9.3) Spellcasting
 + Level 4.3(3.7) Conjurations
 + Level 0.2(0.0) Charms
 + Level 2.6(2.1) Summonings
 + Level 2.0(1.5) Translocations
 + Level 0.2(0.0) Transmutations
 + Level 0.7(0.2) Fire Magic
 + Level 2.0(1.5) Air Magic
 + Level 1.8(1.3) Poison Magic
 * Level 5.0(4.5) Evocations


You had 9 spell levels left.
You knew the following spells:

 Your Spells              Type           Power        Failure   Level  Hunger
a - Magic Dart            Conj           ###.         1%          1    None
b - Call Imp              Summ           ###.....     8%          2    None
c - Blink                 Tloc           N/A          10%         2    None
d - Mephitic Cloud        Conj/Pois/Air  ###.....     12%         3    None
e - Repel Missiles        Chrm/Air       ##....       10%         2    None
f - Spider Form           Trmt/Pois      ##........   17%         3    None
g - Conjure Flame         Conj/Fire      ###.....     12%         3    None
h - Sticks to Snakes      Trmt           #.........   14%         2    None
i - Call Canine Familiar  Summ           ###.....     12%         3    None


Dungeon Overview and Level Annotations

Branches:
Dungeon (10/15)            Temple (1/1) D:4            Lair (0/8) D:10
    Orc (3/4) D:10
    Elf: Orc:3-4

Altars:
Ashenzari
Cheibriados
Dithmenos
Elyvilon
Fedhas
Gozag
Kikubaaqudgha
Makhleb
Nemelex Xobeh
Okawaru
Qazlal
Ru
Sif Muna
Trog
Vehumet
Xom
Yredelemnul
Zin
The Shining One

Shops:
D:4 [   D:5 }   D:8 %   Orc:1 [:=


Innate Abilities, Weirdness & Mutations

You are too large for most types of armour.
You have tough skin (AC +1).
You are robust (+10% HP).


Message History

The orc sorcerer is engulfed in noxious fumes.
The orc sorcerer appears confused.
Are you sure you want to stumble around while confused and next to your centaur?
Okay, then.
You aren't carrying any potions.
Evoke which item? (* to show all) (? for menu, Esc to quit)
Okay, then.
You're too confused!
Unknown command.
The deep elf fighter gestures wildly while chanting.
The deep elf fighter flickers and vanishes!
The blue devil misses you.
Your centaur wields a shortbow.
Your centaur shoots an arrow.
The arrow barely misses the blue devil.
The arrow hits the red devil.
The arrow disappears in a puff of smoke!
You aren't carrying any potions.
Nothing appears to happen.
The red devil hits you from afar with a trident!
You die...

..............# ###.#.).###...
#.........#..# ##.......###...
##............# #........≈##...
#.............# #)).≈≈..######.
#.........((.## ##.≈≈≈≈).# #..
....##......(.# ##))≈≈≈..## #..
..........e..(###...)))≈..# #.#
....#......o{e.c.#.......## #..
..............44@c#..#.....####..
...#......)...#########......##..
....#..)).).#..## ###....##..
#......)........## ###..##.#
##.#............## #..####
.#......#.)...#.######.##..#.##
#..............)##)÷.............
##.#......#.##..#$...#.......#...
#. ####.######....4.4#......##...


You could see an orc knight, a blue devil, a red devil, 2 deep elf fighters and
2 friendly centaurs.

Vanquished Creatures
  Fannar (Orc:1)
  An orc sorcerer (Orc:3)
  2 orc knights (Bailey)
  A manticore (D:10)
  Psyche (D:8)
  5 trolls
  3 yaks (D:10)
  2 deep elf fighters (Orc:3)
  2 hippogriffs
  6 wargs
  A human (D:9)
  2 hungry ghosts (D:10)
  A soldier ant (D:10)
  Duvessa (D:6)
  A sky beast (D:8)
  A porcupine (D:10)
  17 orc warriors
  6 ogres
  A crocodile (D:9)
  An ice beast (D:8)
  6 centaurs
  A black bear (D:6)
  A big kobold (D:9)
  6 giant frogs
  Dowan (D:6)
  2 scorpions
  2 centaur zombies
  5 crimson imps
  A giant frog zombie (D:10)
  A jelly (D:10)
  10 orc priests
  8 hounds
  Crazy Yiuf (D:5)
  2 human zombies (D:9)
  3 hell rats (D:10)
  4 iguanas
  18 orc wizards
  2 giant frog skeletons
  6 worker ants
  A killer bee zombie (D:5)
  4 hound zombies
  2 hound skeletons
  17 gnolls
  9 adders
  2 river rats (D:10)
  2 shadow imps
  An ooze (D:5)
  A worm (D:4)
  5 giant geckos
  126 orcs
  2 ball pythons (D:5)
  8 giant cockroaches
  16 hobgoblins
  14 kobolds
  3 quokkas
  17 bats
  4 giant newts
  42 goblins
  11 jackals
  11 rats
434 creatures vanquished.

Vanquished Creatures (collateral kills)
  A porcupine (D:10)
  2 orc warriors
  A necrophage (D:5)
  2 ogres (D:4)
  2 orc wizards (Orc:1)
  An orc priest (Orc:1)
  A gnoll shaman (D:6)
  Robin (D:3)
  An adder (D:3)
  2 gnolls
  A worm (D:2)
  13 orcs
  3 hobgoblins
  2 kobolds
  3 goblins
  2 jackals (D:3)
38 creatures vanquished.

Vanquished Creatures (others)
  An orc (Orc:1)
  A kobold (D:9)
  A giant gecko (D:2)
3 creatures vanquished.

Grand Total: 475 creatures vanquished

Notes
Turn   | Place    | Note
--------------------------------------------------------------
     0 | D:1      | Conn321 the Ogre Wizard began the quest for the Orb.
     0 | D:1      | Reached XP level 1. HP: 16/16 MP: 5/5
   398 | D:1      | Reached XP level 2. HP: 15/24 MP: 4/6
   814 | D:2      | Reached skill level 4 in Spellcasting
   941 | D:1      | Learned a level 2 spell: Call Imp
  1156 | D:2      | Found a snail-covered altar of Cheibriados.
  1219 | D:2      | Found a stormy altar of Qazlal.
  1282 | D:2      | Reached XP level 3. HP: 20/31 MP: 1/8
  1327 | D:2      | Learned a level 2 spell: Blink
  1331 | D:2      | Learned a level 3 spell: Mephitic Cloud
  1728 | D:3      | Found a burning altar of Makhleb.
  1957 | D:3      | Gained mutation: You are dopey. (Int -2) [potion of mutation]
  1957 | D:3      | Gained mutation: You have a pair of small antennae on your head. [potion of mutation]
  1957 | D:3      | Gained mutation: You tend to lose your temper in combat. [potion of mutation]
  2030 | D:3      | Reached skill level 1 in Conjurations
  2191 | D:3      | Reached XP level 4. HP: 36/40 MP: 0/10
  2508 | D:3      | Reached XP level 5. HP: 31/46 MP: 12/12
  2651 | D:3      | Found a sacrificial altar of Ru.
  2697 | D:3      | Found a bloodstained altar of Trog.
  2709 | D:3      | Found a blossoming altar of Fedhas.
  2982 | D:3      | Reached skill level 1 in Fighting
  3085 | D:3      | Noticed Robin
  3125 | D:3      | Killed Robin
  3178 | D:3      | Reached skill level 5 in Spellcasting
  3281 | D:4      | Found Muxiniu's Antique Armour Boutique.
  3637 | D:4      | Reached XP level 6. HP: 55/55 MP: 13/13
  3668 | D:4      | Found a staircase to the Ecumenical Temple.
  3705 | Temple   | Entered the Ecumenical Temple
  3750 | Temple   | Became a worshipper of Sif Muna the Loreminder
  3778 | D:4      | Noticed an ogre
  4143 | D:4      | Noticed an ogre
  4198 | D:4      | Killed an ogre
  4402 | D:4      | Reached skill level 1 in Summonings
  4423 | D:4      | Reached skill level 1 in Maces & Flails
  4444 | D:4      | Killed an ogre
  4716 | D:4      | Reached XP level 7. HP: 54/62 MP: 13/15
  4962 | D:5      | Entered Level 5 of the Dungeon
  5018 | D:5      | Reached skill level 1 in Evocations
  5039 | D:5      | Reached skill level 1 in Staves
  5215 | D:5      | Found Tastoet's Magic Scroll Boutique.
  5273 | D:5      | Found a glowing silver altar of Zin.
  5279 | D:5      | Lost mutation: You are dopey. (Int -2) [potion of cure mutation]
  5279 | D:5      | Lost mutation: You tend to lose your temper in combat. [potion of cure mutation]
  5279 | D:5      | Lost mutation: You have a pair of small antennae on your head. [potion of cure mutation]
  5283 | D:5      | Gained mutation: You are robust (+10% HP). [potion of beneficial mutation]
  5364 | D:5      | Learned a level 2 spell: Repel Missiles
  5368 | D:5      | Learned a level 3 spell: Spider Form
  5459 | D:5      | Acquired Sif Muna's first power
  5459 | D:5      | Reached XP level 8. HP: 16/79 MP: 1/16
  5672 | D:5      | Got a brightly glowing shield
  5678 | D:5      | Identified the +0 shield of Heutam {+Inv Str+2} (You took it off a goblin on level 5 of the Dungeon)
  5790 | D:5      | Noticed Crazy Yiuf
  5811 | D:5      | Killed Crazy Yiuf
  5811 | D:5      | Reached skill level 6 in Spellcasting
  6502 | D:5      | Found Vuogaroq's Gadget Shoppe.
  6505 | D:5      | Bought a wand of frost (16) for 126 gold pieces
  6859 | D:6      | Found an iron altar of Okawaru.
  7393 | D:6      | Noticed Duvessa
  7396 | D:6      | Noticed Dowan
  7410 | D:6      | Killed Duvessa
  7410 | D:6      | Reached skill level 1 in Air Magic
  7440 | D:6      | Reached skill level 5 in Dodging
  7448 | D:6      | Killed Dowan
  7547 | D:6      | Reached XP level 9. HP: 86/86 MP: 14/19
  7865 | D:7      | Reached skill level 1 in Poison Magic
  8587 | D:8      | Acquired Sif Muna's second power
  8587 | D:8      | Reached skill level 7 in Spellcasting
  8592 | D:8      | Learned a level 3 spell: Conjure Flame
  8729 | D:8      | Found Ribbaffa's Food Shoppe.
  8845 | D:8      | Noticed Psyche
  8856 | D:8      | Killed Psyche
  8919 | D:8      | Found a flagged portal.
  9118 | Bailey   | Entered a bailey
  9119 | Bailey   | Noticed an orc knight
  9124 | Bailey   | Reached skill level 8 in Spellcasting
  9124 | Bailey   | Killed an orc knight
  9124 | Bailey   | Reached XP level 10. HP: 82/100 MP: 11/22
  9197 | Bailey   | Noticed an orc knight
  9348 | Bailey   | Killed an orc knight
  9622 | D:8      | Found an opulent altar of Gozag.
  9626 | D:8      | Found a shattered altar of Ashenzari.
  9632 | D:8      | Found a basalt altar of Yredelemnul.
 10298 | D:9      | Found a runed door.
 10303 | D:9      | Found a basalt altar of Yredelemnul.
 11170 | D:10     | Entered Level 10 of the Dungeon
 11177 | D:10     | Reached skill level 5 in Stealth
 11196 | D:10     | Found a staircase to the Lair.
 11222 | D:10     | Reached XP level 11. HP: 88/111 MP: 6/23
 11741 | D:10     | Reached skill level 1 in Translocations
 12050 | D:10     | Reached skill level 9 in Spellcasting
 12216 | D:10     | Found a staircase to the Orcish Mines.
 12988 | D:10     | Reached skill level 5 in Fighting
 13459 | Orc:1    | Entered Level 1 of the Orcish Mines
 13482 | Orc:1    | Noticed Fannar
 13497 | Orc:1    | Found Fumizaytoa's Antique Armour Boutique.
 14617 | Orc:2    | Learned a level 2 spell: Sticks to Snakes
 14747 | Orc:1    | Found Ryugibb's Jewellery Boutique.
 14756 | Orc:1    | Bought an uncursed ring of magical power for 280 gold pieces
 15481 | Orc:1    | Bought an uncursed ring of protection from cold for 350 gold pieces
 15510 | Orc:1    | Found Zudeotzi's Book Shop.
 15532 | Orc:1    | Found a deep blue altar of Sif Muna.
 15668 | Orc:1    | Killed Fannar
 16121 | Orc:1    | Bought a book of Callings for 300 gold pieces
 16139 | Orc:1    | Learned a level 3 spell: Call Canine Familiar
 16325 | Orc:1    | Identified Sif Muna's Volume of Protection
 17290 | Orc:3    | Noticed an orc knight
 17330 | Orc:3    | Reached skill level 5 in Evocations
 17567 | Orc:3    | Reached skill level 10 in Spellcasting
 17590 | Orc:3    | HP: 5/115 [orc sorcerer/dagger of holy wrath (5)]
 17595 | Orc:3    | Slain by a red devil

Vault maps used:
D:1:      erik_arrival_triangle_large
D:2:      lemuel_upstairs_altar, cheibriados_altar_1,
          nicolae_qazlal_eye_of_the_storm
D:3:      kennysheep_goblin_castle, lemuel_crystal_altar,
          nicolae_ru_path_of_blood, amethyst_overflow_temple_binary,
          first_bread, amalloy_card_club
D:4:      minmay_temple_entry_statues_pillars, serial_shops,
          kennysheep_little_box
D:5:      zin_scriptorium, serial_shops, shop, shop, uniq_crazy_yiuf_cottage
D:6:      okawaru_gym_becter, uniq_duvessa
D:7:      hex_intersection, grunt_ogre_cave
D:8:      minmay_overflow_temple_star_quad, serial_shops, kennysheep_mini,
          enter_bailey_3, uniq_psyche
D:9:      dk_yredelemnul_ordeal
D:10:     dpeg_lair_monsters, david_orc_3
Temple:   temple_eino_lava_8
Orc:1:    serial_shops, shop, shop, shop, led_sif_book, uniq_fannar
Orc:3:    nicolae_orc_pool_cavern, elves_outpost_lemuel
Bailey:   bailey_polearm_4, bailey

Action                   |  1- 3 |  4- 6 |  7- 9 | 10-12 || total
-------------------------+-------+-------+-------+-------++-------
Melee: Club              |    31 |       |       |       ||    31
       Mace              |    45 |    32 |       |       ||    77
       Whip              |       |    23 |       |       ||    23
       Staff             |       |    48 |   267 |   650 ||   965
       Unarmed           |       |       |    10 |     5 ||    15
Throw: Tomahawk          |     3 |       |       |       ||     3
 Cast: Magic Dart        |    75 |    73 |   124 |   198 ||   470
       Call Imp          |     2 |    10 |    12 |    12 ||    36
       Mephitic Cloud    |     2 |     3 |    25 |    77 ||   107
       Blink             |       |     2 |     2 |    27 ||    31
       Spider Form       |       |       |     1 |     1 ||     2
       Conjure Flame     |       |       |     2 |     6 ||     8
       Sticks to Snakes  |       |       |       |    14 ||    14
       Call Canine Famil |       |       |       |     3 ||     3
Evoke: Deck              |       |     2 |     1 |     6 ||     9
       Staff of Wucad Mu |       |     4 |    24 |    35 ||    63
       Wand              |       |       |    21 |    29 ||    50
  Use: Scroll            |     9 |       |     5 |     4 ||    18
       Potion            |     3 |     2 |     6 |    12 ||    23
 Stab: Distracted        |       |     1 |     1 |       ||     2
       Sleeping          |       |     1 |     2 |     5 ||     8
       Invisible         |       |     1 |     1 |    12 ||    14
       Confused          |       |       |     2 |     4 ||     6
       Paralysed         |       |       |       |     7 ||     7
  Eat: Chunk             |     3 |    11 |    16 |    30 ||    60
       Royal jelly       |       |       |       |     1 ||     1
       Fruit             |       |       |       |     1 ||     1
